 Dungeon Crawl Stone Soup version 0.20.1-1-g8b1a95d (webtiles) character file.

506 Monsterracer the Destroyer (level 7, -9/38 HPs)
             Began as a Tengu Conjurer on Aug 5, 2017.
             Mangled by a mummy (15 damage)
             ... on level 4 of the Dungeon on Aug 6, 2017.
             The game lasted 00:08:28 (4336 turns).

Monsterracer the Destroyer (Tengu Conjurer)         Turns: 4336, Time: 00:08:29

Health: -9/38      AC:  3    Str:  9    XL:     7   Next: 18%
Magic:  6/13       EV: 13    Int: 17    God:
Gold:   125        SH:  0    Dex: 14    Spells: 6/13 levels left

rFire    . . .     SeeInvis .   q - +0 quarterstaff
rCold    . . .     Gourm    .   (shield currently unavailable)
rNeg     . . .     Faith    .   a - +0 robe
rPois    .         Spirit   .   (helmet restricted)
rElec    .         Reflect  .   (no cloak)
rCorr    +         Harm     .   h - +0 pair of gloves
MR       .....                  (boots unavailable)
Stlth    +.........             (no amulet)
Regen    0.2/turn               l - ring of resist corrosion
MPRegen  0.2/turn               (no ring)

@: confused
A: beak, talons 3, able to fly 1
a: Fly


You were on level 4 of the Dungeon.
You were very hungry.

You visited 1 branch of the dungeon, and saw 4 of its levels.
You also visited: Ossuary.

You collected 125 gold pieces.

Inventory:

Hand Weapons
 q - a +0 quarterstaff (weapon)
Armour
 a - a +0 robe (worn)
 h - a +0 pair of gloves (worn)
Jewellery
 l - a ring of resist corrosion (left hand)
Scrolls
 b - a scroll of amnesia {unknown}
 d - 2 scrolls of teleportation
 j - 2 scrolls of recharging {unknown}
 n - 2 scrolls of enchant armour {unknown}
Potions
 e - a potion of heal wounds {unknown}
 g - a potion of ambrosia
 m - a potion of agility {unknown}
 p - a potion of lignification {unknown}
Comestibles
 c - 5 bread rations
 f - a meat ration
 k - 3 fruits
 o - a royal jelly


   Skills:
 + Level 1.5 Fighting
 + Level 2.9 Dodging
 - Level 2.0 Stealth
 + Level 3.9 Spellcasting
 * Level 9.2 Conjurations


You had 6 spell levels left.
You knew the following spells:

 Your Spells              Type           Power        Failure   Level  Hunger
a - Magic Dart            Conj           ####         1%          1    None
b - Searing Ray           Conj           ####..       1%          2    ##.....
c - Iskenderun's Mystic   Conj           ####....     3%          4    ####...


Dungeon Overview and Level Annotations

Branches:
Dungeon (4/15)
 Temple: D:4-7

Altars:


Innate Abilities, Weirdness & Mutations

You have a beak for a mouth.
You have claws for feet.
You can fly.


Message History

Aim: a mummy The orb of energy hits the mummy.
The mummy is almost destroyed.
* * * LOW MAGIC WARNING * * *
You are feeling very hungry.
The mummy hits you!
* * * LOW HITPOINT WARNING * * *
Huge Dmg: -31%(-12hp) hp: 19%(7hp)
The mummy hits you.
* * * LOW HITPOINT WARNING * * *
Welcome back to the Dungeon!
There is a collapsed entrance here.
Huge Dmg: -16%(-6hp) hp: 3%(1hp)
Okay, then.
Casting: Iskenderun's Mystic Blast
Confirm with . or Enter, or press ? or * to list all spells.
Okay, then.
You are confused.
You feel invigorated. The mummy hits you!
You die...

#. .# #.#.# ### .#.# ....
...# .... #.######..#.....
#.#....#..#.....
..#M.###.......O
#.#@......# #.#.M###..#
#.#...^#..# #.######..#
##############.........#
...##.........###.#....#
...##.........###...##.#
....'....................
...##............##...(....


You could see 2 mummies.

Vanquished Creatures
  The ghost of Monsterracer the Gusty, a novice TeAE (D:4)
  2 orc priests (D:3)
  A bullfrog skeleton (D:3)
  A worker ant (D:3)
  2 mummies (Ossuary)
  4 adders
  2 dart slugs (D:3)
  2 worms
  2 leopard geckos
  8 orcs (D:3)
  A giant cockroach (D:4)
  A gnoll zombie (Ossuary)
  9 goblins
  9 hobgoblins
  10 jackals
  8 kobolds
  9 bats
  7 frilled lizards
  2 goblin zombies (D:4)
  4 hobgoblin zombies (Ossuary)
  2 orc zombies (Ossuary)
  8 rats
  2 plants (D:3)
97 creatures vanquished.

Notes
Turn   | Place    | Note
-------+----------+-------------------------------------------
     0 | D:1      | Monsterracer the Tengu Conjurer began the quest for the Orb.
     0 | D:1      | Reached XP level 1. HP: 10/10 MP: 4/4
   151 | D:1      | Reached XP level 2. HP: 15/15 MP: 1/6
   304 | D:1      | Reached skill level 6 in Conjurations
   308 | D:1      | Learned a level 2 spell: Searing Ray
   514 | D:1      | Reached XP level 3. HP: 19/19 MP: 0/7
  1225 | D:2      | HP: 9/19 [poisoned by an adder]
  1232 | D:2      | HP: 8/19 [poisoned by an adder]
  1446 | D:2      | Reached XP level 4. HP: 16/24 MP: 1/9
  1458 | D:2      | HP: 12/24 [poisoned by an adder]
  1466 | D:2      | HP: 11/24 [poisoned by an adder]
  2026 | D:2      | Learned a level 4 spell: Iskenderun's Mystic Blast
  2530 | D:3      | Reached skill level 7 in Conjurations
  2925 | D:3      | Gained mutation: You can fly. [Tengu growth]
  2925 | D:3      | Reached XP level 5. HP: 28/28 MP: 8/10
  3453 | D:3      | Reached skill level 8 in Conjurations
  3770 | D:3      | Reached XP level 6. HP: 20/32 MP: 7/12
  4092 | D:4      | Noticed Monsterracer's ghost (novice TeAE)
  4099 | D:4      | Killed Monsterracer's ghost
  4099 | D:4      | Reached skill level 1 in Fighting
  4099 | D:4      | Reached skill level 9 in Conjurations
  4099 | D:4      | Reached XP level 7. HP: 32/38 MP: 5/13
  4251 | D:4      | Found a sand-covered staircase.
  4298 | Ossuary  | Entered an ossuary
  4328 | Ossuary  | HP: 18/38 [mummy (18)]
  4333 | Ossuary  | HP: 7/38 [mummy (12)]
  4334 | Ossuary  | HP: 1/38 [mummy (6)]
  4336 | D:4      | Mangled by a mummy

Skill      XL: |  1  2  3  4  5  6 |
---------------+-------------------+-----
Conjurations   | 6 7 8 9 |  9.2
Spellcasting   | 3 |  3.9
Fighting       | 1 |  1.5
Dodging        | |  2.9
Stealth        | |  2.0

Action                   |  1- 3 |  4- 6 |  7- 9 || total
-------------------------+-------+-------+-------++-------
Melee: Unarmed           |     3 |       |       ||     3
       Kick              |     8 |    10 |     4 ||    22
       Spear             |    22 |       |       ||    22
       Peck              |     3 |     6 |     1 ||    10
       Quarterstaff      |       |    34 |    12 ||    46
 Cast: Magic Dart        |    65 |    78 |     7 ||   150
       Searing Ray       |     2 |     7 |     1 ||    10
       Iskenderun's Myst |       |       |     4 ||     4
 Abil: Fly               |       |     1 |       ||     1
  Use: Scroll            |       |       |     2 ||     2
       Potion            |       |       |     1 ||     1
 Stab: Sleeping          |     2 |       |       ||     2
  Eat: Chunk             |     1 |    11 |       ||    12
Armor: Robe              |    10 |     1 |     4 ||    15
Dodge: Dodged            |    26 |    11 |    14 ||    51
